 Dungeon Crawl Stone Soup version 0.17.1-2-g5865329 (webtiles) character file.

73 xeno23 the Charmwright (level 4, -1/30 HPs)
             Began as a High Elf Skald on Jan 31, 2016.
             Slain by a jackal (2 damage)
             ... on level 2 of the Dungeon.
             The game lasted 00:14:25 (2151 turns).

xeno23 the Charmwright (High Elf Skald)             Turns: 2151, Time: 00:14:25

Health: -1/30      AC:  3    Str: 12    XL:     4   Next: 8%
Magic:  9/9        EV: 12    Int: 16    God:
Gold:   52         SH:  0    Dex: 14    Spells: 3 memorised, 2 levels left

rFire  . . .     SeeInvis .     a - +0 falchion
rCold  . . .     Clarity  .     b - +0 leather armour
rNeg   . . .     SustAt   .     (no shield)
rPois  .         Gourm    .     g - +0 hat
rElec  .         Spirit   .     (no cloak)
rCorr  .         Warding  .     (no gloves)
rMut   .         Stasis   .     (no boots)
MR     +....                    (no amulet)
Stlth  +.........               (no ring)
                                j - ring of protection from magic

@: somewhat resistant to hostile enchantments, very unstealthy
A: no striking features
a: no special abilities


You were on level 2 of the Dungeon.
You were not hungry.

You visited 1 branch of the dungeon, and saw 2 of its levels.

You collected 52 gold pieces.

Inventory:

Hand Weapons
 a - a +0 falchion (weapon)
 m - a +0 spear
Armour
 b - a +0 leather armour (worn)
 g - a +0 hat (worn)
 i - a +0 ring mail
Jewellery
 j - a ring of protection from magic (left hand)
Scrolls
 e - a scroll of teleportation {unknown}
 h - a scroll of enchant armour {unknown}
 q - 2 scrolls of blinking {unknown}
 r - a scroll of remove curse {unknown}
Potions
 f - a potion of curing
 k - a potion of brilliance {unknown}
 n - a potion of magic {unknown}
 p - a potion of mutation {unknown}
Books
 c - a book of Battle

   Spells                             Type                      Level
   a - Infusion                       Charms                       1
   b - Shroud of Golubria             Charms/Translocation         2
   c - Song of Slaying                Charms                       2
   d - Spectral Weapon                Hexes/Charms                 3
   e - Regeneration                   Charms/Necromancy            3
Comestibles
 d - 2 bread rations
 l - 2 meat rations
 o - 5 chunks of flesh


   Skills:
 * Level 2.8 Fighting
 * Level 3.2 Long Blades
 + Level 1.2 Armour
 + Level 2.1 Dodging
 + Level 2.7 Spellcasting
 + Level 3.7 Charms
 + Level 0.4 Translocations


You had 2 spell levels left.
You knew the following spells:

 Your Spells              Type           Power        Failure   Level  Hunger
a - Infusion              Chrm           ##....       8%          1    #......
d - Shroud of Golubria    Chrm/Tloc      #.........   17%         2    ##.....
s - Spectral Weapon       Hex/Chrm       #.......     34%         3    ###....


Dungeon Overview and Level Annotations

Branches:
Dungeon (2/15)

Altars:


Message History

* * * LOW HITPOINT WARNING * * *
The jackal closely misses you.
You take 9 damage.
Read which item? (? for menu, Esc to quit)
Okay, then.
Drink which item? (? for menu, Esc to quit)
It was a potion of curing.
You feel better.
The jackal barks!
You hear a bark!
The jackal barely misses you. The worm bites you!
* * * LOW HITPOINT WARNING * * *
A jackal comes into view.
You hit the jackal.
The jackal is severely wounded.
The jackal barely misses you. x2
You hit the jackal.
The jackal is almost dead.
The worm bites you.
* * * LOW HITPOINT WARNING * * *
The jackal bites you.
You die...

#..######.##.##.#
#..##......#.##.#
#..##......#.##.#
#..##.>....#.##.#####
#..##......#.#.)....#
#..##......#.######.#
#.........##.#......#
#############.#########.#.#######
.............hhw@h....(((......>.
..............#####.###.#(#######
#############.## #.# #.#.# # #..#
#.# #.#รท# # #..## #.# #.#.# #
#...# #.# #.#.# # #.#.###.# #.#(#
# #......(# #.#.# # ###.h##.#
#.#.# #


You could see a worm and 3 jackals.

Vanquished Creatures
  A gnoll (D:1)
  An adder (D:2)
  An ooze (D:1)
  A worm (D:2)
  2 giant geckos
  A ball python (D:1)
  6 bats
  A giant cockroach (D:1)
  5 hobgoblins
  4 jackals (D:2)
  6 kobolds
  A quokka (D:2)
  7 giant newts
  3 goblins (D:1)
  6 rats
46 creatures vanquished.

Notes
Turn   | Place    | Note
--------------------------------------------------------------
     0 | D:1      | xeno23 the High Elf Skald began the quest for the Orb.
     0 | D:1      | Reached XP level 1. HP: 14/14 MP: 4/4
    14 | D:1      | Reached skill level 1 in Armour
    75 | D:1      | Reached XP level 2. HP: 14/19 MP: 6/6
   379 | D:1      | Learned a level 2 spell: Shroud of Golubria
   642 | D:1      | Reached XP level 3. HP: 21/25 MP: 4/7
   654 | D:1      | Learned a level 3 spell: Spectral Weapon
  1957 | D:2      | Reached XP level 4. HP: 19/30 MP: 0/9
  2151 | D:2      | HP: 1/30 [worm (3)]
  2151 | D:2      | Slain by a jackal

Action                   |  1- 3 |  4- 6 || total
-------------------------+-------+-------++-------
Melee: Falchion          |   139 |    16 ||   155
       Spear             |       |    30 ||    30
 Cast: Infusion          |    17 |     1 ||    18
       Shroud of Golubri |     7 |     1 ||     8
       Spectral Weapon   |     2 |     1 ||     3
  Use: Potion            |       |     1 ||     1
  Eat: Chunk             |     4 |     1 ||     5
